 Dungeon Sprint DCSS version 0.28.0-43-g3370ac3207 (webtiles) character file.

Game seed: 5678163140015719270

7072 smarlow the Eclecticist (level 11, -7/65 HPs)
             Began as a Djinni Conjurer on Mar 11, 2022.
             Was the Champion of Makhleb.
             Mangled by a lorocyproca (19 damage)
             ... in the Dungeon (Sprint I: "Red Sonja") on Mar 14, 2022.
             The game lasted 00:09:14 (2942 turns).

smarlow the Eclecticist (Djinni Conjurer)           Turns: 2942, Time: 00:09:14

Health: -7/65      AC:  4    Str:  6    XL:     11   Next: 30%
Gold:   438        EV: 12    Int: 22    God:    Makhleb [******] SH:  5 Dex: 12

rFire   + + +      SeeInvis .   g - +5 long sword "Toffaq" {flame, *Corrode rF+++ Will+ Int-2}
rCold   . . .      Faith    .   (no shield)
rNeg    . . .      Spirit   .   i - +2 robe of Uluvifim {rC+}
rPois   ∞          Reflect  +   (no helmet)
rElec   .          Harm     .   (no cloak)
rCorr   .          Rampage  .   (no gloves)
Will    ++...      NoTele   +   (boots unavailable)
Stlth   ++........              f - amulet of reflection
HPRegen 0.20/turn               (no ring)
MPRegen 0.00/turn               (no ring)

@: flying
A: sickness immunity, fire resistance 2, cold vulnerability 1, float, innate
caster, HP casting, extra vitality 1
a: Renounce Religion, Minor Destruction, Lesser Servant of Makhleb, Major
Destruction, Greater Servant of Makhleb


You were in the Dungeon.
You worshipped Makhleb.
Makhleb was exalted by your worship.
You visited 1 branch You collected 1081 gold pieces.
You spent 643 gold pieces at shops.

Inventory:

Hand Weapons
 g - the +5 long sword "Toffaq" (weapon) {flame, *Corrode rF+++ Will+ Int-2}
   (You found it in the Dungeon)

   It burns those it strikes, dealing additional fire damage.
   Big, fiery blades are also staple armaments of hydra-hunters.
   Int:       It affects your intelligence (-2).
   rF:        It renders you almost immune to fire.
   *Corrode:  It may corrode you when you take damage.
   Will:      It increases your willpower.
Armour
 a - a +0 robe
 i - the +2 robe of Uluvifim (worn) {rC+}
   (You bought it in a shop in the Dungeon)

   rC:        It protects you from cold.
Jewellery
 f - an amulet of reflection (around neck)
Wands
 e - a wand of polymorph (6)
Scrolls
 c - 2 scrolls of enchant armour
 h - a scroll of identify
 k - a scroll of torment {unknown}
Potions
 b - 8 potions of curing
 d - a potion of haste
 j - a potion of mutation


   Skills:
 - Level 2.1 Dodging
 - Level 1.5 Stealth
 + Level 20.1 Spellcasting


You had 24 spell levels left.
You knew the following spells:

 Your Spells              Type           Power      Damage    Failure   Level
a - Magic Dart            Conj           100%       1d8       0%          1
b - Searing Ray           Conj           100%       2d8       0%          2
c - Dazzling Flash        Conj/Hex       100%       N/A       0%          3
d - Fulminant Prism       Conj/Hex       42%        3d20      0%          4
e - Iskenderun's Mystic   Conj/Tloc      84%        2d17      0%          4
f - Apportation           Tloc           100%       N/A       0%          1
g - Blink                 Tloc           100%       N/A       0%          2
h - Call Imp              Summ           84%        N/A       0%          2
i - Ozocubu's Armour      Ice            84%        N/A       0%          3
j - Anguish               Hex/Necr       42%        N/A       0%          4
Your spell library was empty.

Dungeon Overview and Level Annotations

Branches:
Dungeon (1/1)

Altars:
Cheibriados
Dithmenos
Elyvilon
Fedhas
Gozag
Hepliaklqana
Kikubaaqudgha
Makhleb
Nemelex Xobeh
Okawaru
Qazlal
Ru
Sif Muna
Trog
Uskayaw
Vehumet
Wu Jian
Xom
Yredelemnul
Zin
The Shining One
Jiyva
Lugonu

Shops:
D ?!!?*[*?:[[==*([(


Innate Abilities, Weirdness & Mutations

You are immune to sickness and miasma.
You are immune to poison.
Your flesh is very heat resistant. (rF++)
You are vulnerable to cold. (rC-)
You float through the air rather than walking.
You learn spells naturally, not from books.
Your magical power is your life essence.
You have superior vitality. (+4 MHP)


Message History

Confirm with . or Enter, or press ? or * to list all spells.
You erupt in a blast of force!
The mystic blast hits the demonic crawler!
You kill the demonic crawler!
Makhleb accepts your kill.
You feel better.
Your Spellcasting skill increases to level 20!
You start resting.
HP restored.
Found a flail.
There is an open door here.
Which direction?
You reach down and close the door.
You reach down and open the door.
Found 29 stones and a scroll labelled MOUNIY XININU.
There is an open door here.
You see here 29 stones.
k - a scroll labelled MOUNIY XININU
There is an open door here.
You reach down and open the door.
There is an open door here.
As you open the door, it creaks loudly!
Found a scroll of enchant armour.
There is an open door here.
c - 2 scrolls of enchant armour (gained 1)
There is an open door here.
You reach down and open the door.
A meliai comes into view. It is wielding a +0 war axe.
You hear a chilling moan.
Found 162 gold pieces.
There is an open door here.
Something hits you!!!
Ouch! That really hurt!
Deactivating autopickup; reactivate with Ctrl-A.
You reach down and open the door.
The meliai calls down the wrath of its god upon you.
Something smites you!
* * * LOW HITPOINT WARNING * * *
Something hits you!!
You die...

#############
__#..'.)†#.(#
..'..#.).##'# ##
__####...'..# #$ ##
###(.#####..+ #'#$###
§≈≈.§#..##'####.@$#y#
≈§≈..'..#.)...#☼.$###
§§§..#.§#.....☼☼.$$$#
#(#####§###°..#.....#
§...###.'.#○○°###++##
#(###.###.#○.##
....'.∩##.#○.#
#########.##'#
......§##§##.#


You could see a meliai.

Vanquished Creatures
  2 centaur warriors (D)
  Sonja (D)
  A deep troll (D)
  An oklob plant (D)
  A gargoyle (D)
  2 unseen horrors (D)
  2 kobold demonologists (D)
  4 demonic crawlers (D)
  A hornet (D)
  A slime creature (D)
  Sigmund (D)
  A yak (D)
  2 redbacks (D)
  2 floating eyes (D)
  7 necrophages (D)
  An ogre (D)
  8 jellies (D)
  Ijyb (D)
39 creatures vanquished.

Vanquished Creatures (others)
  2 ballistomycete spores (D)
  22 fulminant prisms (D)
24 creatures vanquished.

Grand Total: 63 creatures vanquished

Notes
Turn   | Place    | Note
-------+----------+-------------------------------------------
     0 | D        | smarlow the Djinni Conjurer began the quest for the Orb.
     0 | D        | Reached XP level 1. HP: 15/15 MP: 0/0
     2 | D        | Noticed Ijyb
    15 | D        | Killed Ijyb
    16 | D        | Reached skill level 5 in Spellcasting
    16 | D        | Reached XP level 2. HP: 15/21 MP: 0/0
    16 | D        | Reached XP level 3. HP: 18/25 MP: 0/0
    16 | D        | Learned a level 1 spell: Apportation
   360 | D        | Noticed an ogre
   367 | D        | Killed an ogre
   368 | D        | Reached skill level 7 in Spellcasting
   368 | D        | Reached XP level 4. HP: 18/31 MP: 0/0
   368 | D        | Reached XP level 5. HP: 20/35 MP: 0/0
   368 | D        | Learned a level 2 spell: Blink
   502 | D        | Noticed Sigmund
   508 | D        | Killed Sigmund
   509 | D        | Reached skill level 10 in Spellcasting
   509 | D        | Reached XP level 6. HP: 31/40 MP: 0/0
   583 | D        | Found an ornate altar of the Wu Jian Council.
   605 | D        | Found Sem Lel's Distillery.
   605 | D        | Found a hazy altar of Hepliaklqana.
   605 | D        | Found a stormy altar of Qazlal.
   605 | D        | Found a hide-covered altar of Uskayaw.
   605 | D        | Found a blossoming altar of Fedhas.
   605 | D        | Found a bloodstained altar of Trog.
   605 | D        | Found an iron altar of Okawaru.
   605 | D        | Found a basalt altar of Yredelemnul.
   605 | D        | Found a glowing golden altar of the Shining One.
   605 | D        | Found a snail-covered altar of Cheibriados.
   605 | D        | Found a sacrificial altar of Ru.
   605 | D        | Found a glowing silver altar of Zin.
   605 | D        | Found a shadowy altar of Dithmenos.
   605 | D        | Found a white marble altar of Elyvilon.
   605 | D        | Noticed a yak
   610 | D        | Killed a yak
   611 | D        | Reached skill level 11 in Spellcasting
   611 | D        | Reached XP level 7. HP: 14/45 MP: 0/0
   611 | D        | Learned a level 2 spell: Call Imp
   611 | D        | Found an opulent altar of Gozag.
   612 | D        | Found a sparkling altar of Nemelex Xobeh.
   825 | D        | Found a viscous altar of Jiyva.
   825 | D        | Found a corrupted altar of Lugonu.
   825 | D        | Noticed a slime creature
   826 | D        | Found a burning altar of Makhleb.
   826 | D        | Found a shimmering altar of Xom.
   831 | D        | Killed a slime creature
   832 | D        | Reached skill level 12 in Spellcasting
   834 | D        | Became a worshipper of Makhleb the Destroyer
  1034 | D        | Identified the +5 long sword "Toffaq" {flame, *Corrode
                  | rF+++ Will+ Int-2}
  1039 | D        | Noticed Sonja
  1042 | D        | Killed Sonja
  1043 | D        | Reached skill level 14 in Spellcasting
  1043 | D        | Reached XP level 8. HP: 38/50 MP: 0/0
  1215 | D        | Found Negowu's Magic Scroll Boutique.
  1223 | D        | Bought a scroll of identify for 24 gold pieces
  1235 | D        | Noticed a deep troll
  1256 | D        | Killed a deep troll
  1257 | D        | Reached skill level 15 in Spellcasting
  1257 | D        | Reached XP level 9. HP: 9/55 MP: 0/0
  1257 | D        | Learned a level 3 spell: Ozocubu's Armour
  1275 | D        | Found Jubivvoh's Armour Emporium.
  1512 | D        | Noticed a centaur warrior
  1519 | D        | Killed a centaur warrior
  1519 | D        | Reached * piety under Makhleb
  1520 | D        | Reached skill level 16 in Spellcasting
  1527 | D        | Noticed a centaur warrior
  1527 | D        | Killed a centaur warrior
  1528 | D        | Reached skill level 17 in Spellcasting
  1528 | D        | Reached XP level 10. HP: 23/60 MP: 0/0
  1739 | D        | Noticed an oklob plant
  1745 | D        | Killed an oklob plant
  1745 | D        | Reached ** piety under Makhleb
  2069 | D        | HP: 3/60 [something (4)]
  2360 | D        | Killed an unseen horror
  2361 | D        | Reached skill level 18 in Spellcasting
  2422 | D        | Reached *** piety under Makhleb
  2428 | D        | Killed an unseen horror
  2435 | D        | Reached **** piety under Makhleb
  2486 | D        | Reached ***** piety under Makhleb
  2613 | D        | Found Fevyd Tap's Magic Scroll Shoppe.
  2614 | D        | Found Vokot's Distillery.
  2614 | D        | Found Xiloblul's Assorted Antiques.
  2615 | D        | Found Jyfimp's General Store.
  2615 | D        | Found Ryrph's Antique Weapon Emporium.
  2616 | D        | Found Vebleh's Antique Weapon Emporium.
  2626 | D        | Identified the +8 flail of Xetet {holy, rF+ Will+ Dex+2}
  2631 | D        | Found Ubocs's Antique Armour Emporium.
  2631 | D        | Found Duzith's Assorted Antiques.
  2631 | D        | Found Qisintuf's Magic Scroll Shoppe.
  2631 | D        | Found Sueto's Book Boutique.
  2631 | D        | Found Vyjor's Antique Armour Emporium.
  2631 | D        | Found Sotsel's Antique Armour Shop.
  2631 | D        | Found Danoblam's Jewellery Shoppe.
  2632 | D        | Found Ceicob's Jewellery Boutique.
  2700 | D        | Bought an amulet of reflection for 390 gold pieces
  2707 | D        | Bought a warped robe for 125 gold pieces
  2707 | D        | Identified the +2 robe of Uluvifim {rC+} (You bought it in
                  | a shop in the Dungeon)
  2763 | D        | Bought a potion of mutation for 104 gold pieces
  2787 | D        | Noticed a kobold demonologist
  2787 | D        | Noticed a kobold demonologist
  2788 | D        | Paralysed by a floating eye for 2 turns
  2791 | D        | Reached skill level 19 in Spellcasting
  2791 | D        | Noticed a rust devil
  2793 | D        | Killed a kobold demonologist
  2793 | D        | Killed a kobold demonologist
  2793 | D        | Reached ****** piety under Makhleb
  2794 | D        | Reached XP level 11. HP: 65/65 MP: 0/0
  2794 | D        | Learned a level 4 spell: Anguish
  2905 | D        | Reached skill level 20 in Spellcasting
  2942 | D        | Mangled by a lorocyproca

Illustrated notes

Levels and vault maps discovered:
D:        dungeon_sprint_1 [red_sonja_temple_1, red_sonja_temple_small_1]

Skill      XL: |  1  2  3  4  5  6  7  8  9 10 11 |
---------------+----------------------------------+-----
Spellcasting   | 5 7 10 11 14 15 17 19 20 | 20.1
Dodging        | |  2.1
Stealth        | |  1.5

Action                   |  1- 3 |  4- 6 |  7- 9 | 10-12 || total
-------------------------+-------+-------+-------+-------++-------
Melee: Unarmed           |    12 |       |       |       ||    12
       Long sword        |       |       |     1 |     1 ||     2
 Cast: Searing Ray       |     3 |     2 |     4 |     1 ||    10
       Dazzling Flash    |     2 |       |       |       ||     2
       Fulminant Prism   |       |     2 |    10 |    10 ||    22
       Iskenderun's Myst |       |     2 |    10 |    28 ||    40
  Use: Potion            |     1 |       |     1 |       ||     2
       Scroll            |       |       |       |     2 ||     2
Armor: Robe              |     1 |     1 |       |       ||     2
Dodge: Dodged            |     3 |       |       |     2 ||     5
Block: Other             |       |       |       |     2 ||     2
